AoeStats
← 93老玩家回归

Arena

510048774Analyzed
4v4 RM · 3d ago on Sep 29, 2026· 48m 9s· 8 players
Game mode
Random Map
Map size
Large (8 player)
Population
200
Speed
Normal
Resources
Standard
Victory
Conquest
Starting age
Dark Age
Ending age
Imperial Age
RankedLock teamsTeams togetherTeam positionsShared explorationLock speedFull tech treeHidden civsTurbo modeCheats
Victory
Defeat
🇨🇳 Hindustanis · China
1419
+12
🇨🇳 Huns · China
1394
+13
🇨🇳 Malians · China
1291
+18
🇨🇳 Bohemians · China
1227
+21
🇹🇼 Franks · Taiwan
1387
-18
🇮🇳 Magyars · India
1346
-17
🇨🇳 Mongols · China
1313
-15
🇨🇳 Cumans · China
1288
-14
小花花
11:08 Feudal Age
15:11 Castle Age
13:28 Double-Bit Axe
16:16 Loom
30:31 Imperial Age
28:24 Bow Saw
28:20 Horse Collar
29:41 Ballistics
30:24 Chemistry
29:41 Heavy Plow
30:47 Ballistics
33:55 Two-Man Saw
33:34 Forging
33:25 Scale Mail Armor
36:08 Wheelbarrow
36:45 Fortified Wall
38:53 Iron Casting
38:33 Chain Mail Armor
38:55 Squires
38:40 Arson
38:16 Pikeman
39:07 Halberdier
40:51 Blast Furnace
41:02 Hand Cart
43:13 Plate Mail Armor
42:08 Man-at-Arms
42:54 Long Swordsman
44:08 Houfnice
44:48 Two-Handed Swordsman
46:03 Conscription
45:39 Champion
唐火火
10:59 Feudal Age
14:43 Castle Age
12:55 Double-Bit Axe
13:02 Horse Collar
15:14 Wheelbarrow
18:33 Loom
19:16 Bow Saw
21:02 Gold Mining
23:41 Stone Mining
23:56 Heavy Plow
28:04 Imperial Age
27:11 Scale Barding Armor
27:16 Forging
27:54 Bloodlines
27:44 Husbandry
28:08 Hand Cart
28:34 Gold Shaft Mining
27:47 Town Watch
28:25 Chain Barding Armor
29:18 Iron Casting
29:40 Marauders
30:00 Conscription
29:01 Elite Tarkan
30:19 Plate Barding Armor
32:05 Blast Furnace
37:31 Fletching
37:42 Padded Archer Armor
38:04 Ballistics
38:44 Chemistry
38:36 Bodkin Arrow
42:44 Bracer
43:00 Leather Archer Armor
45:28 Scale Mail Armor
47:08 Two-Man Saw
860
11:00 Feudal Age
14:55 Castle Age
13:13 Double-Bit Axe
13:29 Horse Collar
16:32 Bow Saw
20:30 Forging
21:37 Scale Mail Armor
25:13 Wheelbarrow
30:03 Imperial Age
28:20 Heavy Plow
28:18 Gold Mining
28:19 Stone Mining
29:24 Arson
29:39 Squires
30:48 Gold Shaft Mining
31:21 Crop Rotation
31:14 Conscription
31:07 Town Watch
31:08 Loom
31:38 Hand Cart
31:21 Fletching
33:03 Chemistry
34:14 Husbandry
34:24 Bloodlines
34:48 Thumb Ring
35:23 Stone Shaft Mining
34:56 Elite Gbeto
35:48 Pikeman
38:37 Chain Mail Armor
38:57 Iron Casting
40:23 Plate Mail Armor
40:17 Ballistics
39:53 Murder Holes
40:08 Masonry
40:09 Fortified Wall
39:40 Treadmill Crane
41:24 Caravan
49:03 Architecture
93老玩家回归
9:55 Feudal Age
14:12 Castle Age
12:57 Double-Bit Axe
12:54 Horse Collar
16:17 Wheelbarrow
16:39 Bow Saw
28:22 Imperial Age
26:15 Hand Cart
26:26 Hand Cart
25:56 Loom
27:12 Scale Barding Armor
27:17 Forging
27:23 Gold Mining
28:45 Chain Barding Armor
28:17 Town Watch
29:16 Husbandry
29:26 Bloodlines
28:38 Heavy Camel Rider
30:00 Iron Casting
30:08 Gold Shaft Mining
29:23 Stone Mining
29:38 Heavy Plow
30:21 Ballistics
31:05 Chemistry
30:36 Conscription
30:16 Grand Trunk Road
30:17 Imperial Camel Rider
31:32 Stone Shaft Mining
31:39 Plate Barding Armor
32:04 Blast Furnace
30:56 Fletching
37:57 Bodkin Arrow
38:03 Padded Archer Armor
45:50 Shatagni
46:57 Siege Engineers
47:04 Masonry
47:13 Leather Archer Armor
46:58 Bracer
NUR
5:17 Loom
10:33 Feudal Age
14:25 Castle Age
12:33 Horse Collar
13:37 Double-Bit Axe
15:36 Wheelbarrow
17:01 Bow Saw
21:00 Heavy Plow
26:29 Fletching
26:39 Padded Archer Armor
29:57 Imperial Age
27:50 Ballistics
27:41 Masonry
27:12 Treadmill Crane
27:29 Bodkin Arrow
29:00 Leather Archer Armor
29:26 Thumb Ring
29:34 Town Watch
29:52 Gold Mining
30:15 Bloodlines
30:06 Husbandry
31:46 Chemistry
31:53 Gold Shaft Mining
31:40 Hand Cart
31:54 Scale Barding Armor
31:52 Bracer
32:23 Ring Archer Armor
33:34 Parthian Tactics
32:30 Light Cavalry
34:08 Conscription
33:56 Recurve Bow
35:15 Two-Man Saw
35:02 Chain Barding Armor
34:36 Heavy Cavalry Archer
36:59 Plate Barding Armor
36:32 Siege Engineers
38:04 Crop Rotation
37:16 Hussar
40:25 Conscription
40:32 Corvinian Army
47:56 Coinage
帝国小牛
9:45 Feudal Age
14:48 Castle Age
13:07 Double-Bit Axe
13:31 Gold Mining
14:46 Loom
14:54 Crossbowman
16:06 Fletching
22:59 Padded Archer Armor
26:53 Bodkin Arrow
27:13 Leather Archer Armor
28:57 Ballistics
31:40 Gold Shaft Mining
30:55 Stone Mining
34:34 Fortified Wall
人在江湖
9:23 Feudal Age
10:21 Double-Bit Axe
10:40 Horse Collar
16:24 Wheelbarrow
19:47 Castle Age
17:43 Loom
19:02 Stone Mining
19:03 Gold Mining
22:42 Bow Saw
23:10 Gold Shaft Mining
22:43 Heavy Plow
23:30 Hand Cart
29:25 Imperial Age
27:54 Fletching
28:25 Padded Archer Armor
28:17 Town Watch
29:34 Bodkin Arrow
29:54 Leather Archer Armor
30:03 Ballistics
30:15 Bloodlines
30:37 Conscription
31:21 Chemistry
31:53 Two-Man Saw
32:18 Pikeman
32:58 Squires
33:01 Scale Mail Armor
32:47 Halberdier
33:17 Elite Kipchak
34:30 Ring Archer Armor
34:39 Chain Mail Armor
35:49 Forging
my60703
11:40 Feudal Age
12:49 Double-Bit Axe
16:00 Castle Age
17:13 Bow Saw
20:01 Gold Mining
21:12 Fervor
22:07 Wheelbarrow
22:27 Stone Mining
29:18 Imperial Age
27:24 Scale Barding Armor
27:29 Forging
27:31 Loom
28:47 Chain Barding Armor
29:43 Iron Casting
30:21 Conscription
29:25 Cavalier
30:28 Town Watch
30:58 Hand Cart
30:54 Paladin
31:36 Husbandry
34:27 Caravan
35:57 Plate Barding Armor
36:22 Blast Furnace
Connection lost

Rejoining the realm…

Still unreachable

The connection could not be restored.

Session expired

The server has moved on; the page needs a fresh start.